 Dungeon Crawl Stone Soup version 0.26-a0-259-g1effd001a9 (webtiles) character file.

Game seed: 11402476574457947664

67 vurker the Sneak (level 4, 34/35 HPs)
             Began as a Demonspawn Brigand on July 17, 2020.
             Quit the game on level 2 of the Dungeon.
             The game lasted 00:01:54 (1838 turns).

vurker the Sneak (Demonspawn Brigand)               Turns: 1838, Time: 00:01:55

Health: 34/35      AC:  5    Str: 13    XL:     4   Next: 0%
Magic:  4/4        EV: 11    Int: 12    God:
Gold:   145        SH:  0    Dex: 14    Spells: 3/3 levels left

rFire    . . .     SeeInvis .   a - +2 dagger
rCold    . . .     Faith    .   (no shield)
rNeg     . . .     Spirit   .   b - +0 robe
rPois    .         Reflect  .   (no helmet)
rElec    .         Harm     .   c - +0 cloak
rCorr    .                      (no gloves)
MR       .....                  (no boots)
Stlth    +++.......             (no amulet)
HPRegen  0.11/turn              (no ring)
MPRegen  0.09/turn              (no ring)

@: no status effects
A: yellow scales 1, nightstalker 1
a: no special abilities


You were on level 2 of the Dungeon.
You were not hungry.

You visited 1 branch of the dungeon, and saw 2 of its levels.

You collected 145 gold pieces.

Inventory:

Hand Weapons
 a - a +2 dagger (weapon)
Missiles
 d - 8 poisoned darts (quivered)
 f - 2 curare-tipped darts
Armour
 b - a +0 robe (worn)
 c - a +0 cloak (worn)
Jewellery
 i - an uncursed ring of fire
   (You found it on level 1 of the Dungeon)
Scrolls
 g - a scroll of identify {unknown}
 j - a scroll of blinking {unknown}
 l - a scroll of remove curse {unknown}
Potions
 h - a potion of ambrosia {unknown}
 k - a potion of might {unknown}
 m - a potion of curing {unknown}
 n - a potion of flight {unknown}
Comestibles
 e - 11 rations


   Skills:
 + Level 3.3 Fighting
 - Level 1.7 Short Blades
 + Level 3.0 Throwing
 - Level 0.8 Dodging
 - Level 3.6 Stealth


You had 3 spell levels left.
You didn't know any spells.
Your spell library was empty.

Dungeon Overview and Level Annotations

Branches:
Dungeon (2/15)

Altars:
The Shining One


Innate Abilities, Weirdness & Mutations

You are partially covered in yellow scales. (AC +2)
You are slightly more attuned to the shadows.


Message History

* * * LOW HITPOINT WARNING * * *
You hit the worm. You hit the worm.
You kill the worm!
Your Throwing skill increases to level 3!
Found a smoky golden potion.
n - a smoky golden potion
There is a stone staircase leading up here.
You open the door.
A rat comes into view.
A rat is nearby!
A rat is nearby!
The helpless rat fails to defend itself.
You puncture the rat!
You kill the rat!
A worm comes into view.
Found a stone staircase leading down.
A worm is nearby!
A kobold comes into view.
Found a glowing golden altar of the Shining One.
You hit the worm but do no damage. You hit the worm.
The worm bites you but does no damage.
You hit the worm. You hit the worm. The worm barely misses you.
The kobold throws a stone.
The stone closely misses you.
You hit the worm.
The kobold throws a stone.
The stone barely misses you.
You hit the worm but do no damage. The worm barely misses you.
You barely miss the worm.
The kobold throws a stone.
The stone hits you but does no damage.
You hit the worm. The worm bites you.
You hit the worm.
The kobold throws a stone.
The stone barely misses you. The worm barely misses you.
You barely miss the worm.
The kobold throws a stone.
The stone barely misses you.
You hit the worm. The worm misses you.
You hit the worm. You hit the worm. The worm bites you but does no damage.
You barely miss the worm. The worm misses you.
You barely miss the worm. You hit the worm.
The kobold hits you but does no damage. The worm closely misses you.
You hit the worm. The kobold hits you but does no damage.
You hit the worm.
You kill the worm!
You hit the kobold. The kobold closely misses you.
You hit the kobold.
You kill the kobold!
You have reached level 4!
You feel stronger.
Your demonic ancestry asserts itself...
You slip into the darkness of the dungeon.

..#. ^.... ####
...> ... . .
....#.. ... .
#..#.# #... #..#†#
#... #.†@# #..#
##..######### #...
##...##..........
....
#.....##..########
###. .....
##.......#.. ....
..._. ###...#.#.#
#### .... ##...###
#.###### ..##...
##....# #.......
#..# +#.....#
#.......


There were no monsters in sight!

Vanquished Creatures
  A gnoll (D:1)
  An ooze (D:1)
  2 worms (D:2)
  A ball python (D:1)
  A giant cockroach (D:1)
  2 goblins (D:1)
  5 hobgoblins
  4 jackals (D:1)
  A quokka (D:2)
  15 bats
  5 frilled lizards
  4 kobolds
  3 rats
45 creatures vanquished.

Notes
Turn   | Place    | Note
-------+----------+-------------------------------------------
     0 | D:1      | vurker the Demonspawn Brigand began the quest for the Orb.
     0 | D:1      | Reached XP level 1. HP: 16/16 MP: 1/1
    92 | D:1      | Gained mutation: You are partially covered in yellow
                  | scales. (AC +2) [demonic ancestry]
    92 | D:1      | Reached XP level 2. HP: 18/23 MP: 2/2
   512 | D:1      | Reached XP level 3. HP: 23/28 MP: 3/3
  1817 | D:2      | Found a glowing golden altar of the Shining One.
  1837 | D:2      | Gained mutation: You are slightly more attuned to the
                  | shadows. [demonic ancestry]
  1837 | D:2      | Reached XP level 4. HP: 34/35 MP: 4/4
  1838 | D:2      | Quit the game

Illustrated notes

Levels and vault maps discovered:
D:1:      nzn_arrival_settlement, layout_basic, chequers_garden,
          grunt_decor_fettered
D:2:      layout_basic, first_ration, tso_metal_star

Skill      XL: |  1  2  3 |
---------------+----------+-----
Throwing       | 2 3 |  3.0
Fighting       | 3 |  3.3
Short Blades   | |  1.7
Dodging        | |  0.8
Stealth        | |  3.6

Action                   |  1- 3 |  4- 6 || total
-------------------------+-------+-------++-------
Melee: Dagger            |   131 |       ||   131
 Stab: Sleeping          |    13 |       ||    13
  Eat: Ration            |     1 |       ||     1
Armor: Robe              |    38 |       ||    38
Dodge: Dodged            |    75 |       ||    75

Table legend:
 A = Non-vault XP
 B = Vault XP
 C = Vault XP percentage of total XP
 D = Non-vault monster count
 E = Vault monster count
 F = Vault count percentage of total count
                 A         B        C        D         E       F
            +---------+---------+-------+---------+---------+-------
      Total |      97 |       0 |   0.0 |      45 |       0 |   0.0
            +---------+---------+-------+---------+---------+-------
        D:1 |      67 |       0 |   0.0 |      30 |       0 |   0.0
        D:2 |      30 |       0 |   0.0 |      15 |       0 |   0.0
            +---------+---------+-------+---------+---------+-------
